 Dungeon Crawl Stone Soup version 0.31-a0-986-g5e6e4ef867 (webtiles) character file.

Game seed: 10907911794331925658

19889 Xavori the Nimble (level 13, -2/93 HPs)
             Began as a Djinni Chaos Knight on Nov 6, 2023.
             Was a Plaything of Xom.
             Slain by a chaos spawn (10 damage)
             ... in a Gauntlet.
             The game lasted 00:16:46 (14425 turns).

Xavori the Nimble (Djinni Chaos Knight)            Turns: 14425, Time: 00:16:47

Health: -2/93      AC: 13    Str: 22    XL:     13   Next: 8%
Gold:   606        EV: 16    Int: 10    God:    Xom [*.....] SH:  7 Dex: 22

rFire   + + +        E - +4 scimitar (heavy)
rCold   . . .        x - +0 buckler
rNeg    + . .        f - +4 scale mail of the Forest {rElec rN+ Str+3}
rPois   ∞            (no helmet)
rElec   +            t - +0 cloak
rCorr   +            (no gloves)
SInv    +            (boots unavailable)
Will    +....        F - amulet of regeneration Stlth
                     j - ring "Futiginel" {Str+4 Int-4 Dex+6 SInv}
HPRegen 1.15/turn    o - +4 ring of slaying
MPRegen 0.00/turn

%: no teleportation, infuse magic (-3 HP)
@: resistant, flying, hasted and slowed
A: sickness immunity, fire resistance 2, cold vulnerability 1, float, innate
caster, HP casting, extra vitality 1, strong 1, inability to drink after injury
2, MP-powered wands
a: Renounce Religion


You were in a Gauntlet.
You worshipped Xom.
You were a special plaything of Xom.
You visited 2 branches of the dungeon, and saw 12 of its levels.
You also visited: Gauntlet.

You collected 606 gold pieces.

Inventory:

Hand Weapons
 E - a +4 heavy scimitar (weapon)
 K - a +0 scimitar of flaming
Missiles
 y - a throwing net
Armour
 b - a +2 leather armour
 f - the +4 scale mail of the Forest (worn) {rElec rN+ Str+3}
   (You found it on level 4 of the Dungeon)

   Str+3:     It affects your strength (+3).
   rElec:     It insulates you from electricity.
   rN+:       It protects you from negative energy.
 t - a +0 cloak (worn)
 x - a +0 buckler (worn)
Jewellery
 j - the ring "Futiginel" (left hand) {Str+4 Int-4 Dex+6 SInv}
   (You found it on level 2 of the Dungeon)

   [ring of see invisible]

   Str+4:     It affects your strength (+4).
   Int-4:     It affects your intelligence (-4).
   Dex+6:     It affects your dexterity (+6).
   SInv:      It lets you see invisible.
 o - a +4 ring of slaying (right hand)
 D - a ring of ice
 F - an amulet of regeneration (around neck)
 H - a +5 ring of evasion
 L - a ring of positive energy
Wands
 n - a wand of mindburst (19)
 r - a wand of charming (5)
 C - a wand of iceblast (17)
 I - a wand of flame (6)
 J - a wand of digging (4)
Scrolls
 c - a scroll of butterflies
 d - 2 scrolls of vulnerability
 k - 2 scrolls of noise
 m - 2 scrolls of identify
 q - a scroll of fear
 s - 3 scrolls of silence
 u - 2 scrolls of fog
 w - 2 scrolls of enchant weapon
 A - a scroll of brand weapon
 B - 2 scrolls of immolation
 M - a scroll of teleportation {unknown}
Potions
 a - 2 potions of mutation {unknown}
 e - a potion of degeneration {unknown}
 g - 3 potions of brilliance {unknown}
 h - 3 potions of lignification {unknown}
 i - 2 potions of magic {unknown}
 l - 3 potions of curing
 p - 4 potions of heal wounds {unknown}
 v - a potion of might {unknown}
 z - a potion of cancellation {unknown}
 G - a potion of ambrosia {unknown}


   Skills:
 + Level 8.7 Fighting
 + Level 7.9 Long Blades
 + Level 8.1 Armour
 + Level 9.1 Dodging
 - Level 7.0 Shields
 * Level 8.1 Spellcasting
 * Level 8.1 Conjurations
 * Level 8.1 Hexes
   Level 0.0 Charms
 * Level 8.1 Summonings
 * Level 8.1 Necromancy
 * Level 8.1 Translocations
 * Level 8.1 Transmutations
 * Level 8.1 Fire Magic
 * Level 8.1 Ice Magic
 * Level 8.1 Air Magic
 * Level 8.1 Earth Magic
 * Level 8.1 Poison Magic
 + Level 5.7 Evocations


You knew the following spells:

 Your Spells              Type           Power      Damage    Failure   Level
a - Magic Dart            Conj           80%        1d7       1%          1
b - Jinxbite              Hex            40%        N/A       2%          2
c - Momentum Strike       Conj/Tloc      40%        3d9       2%          2
d - Leda's Liquefaction   Hex/Erth       10%        N/A       17%         4
e - Summon Ice Beast      Ice/Summ       20%        N/A       17%         4
f - Agony                 Necr           20%        N/A       43%         5
Your spell library was empty.

Dungeon Overview and Level Annotations

Branches:
Dungeon (10/15)            Temple (0/1) D:6            Lair (2/5) D:10
    Orc (0/2) D:10        Gauntlet (1/1)
  Swamp: Lair:2-3    Shoals: Lair:2-3     Snake: Lair:2-3    Spider: Lair:2-3

Altars:
Fedhas
Okawaru
Qazlal
Uskayaw
Yredelemnul

Shops:
D:6 [

Annotations:
Gauntlet 12 transporters


Innate Abilities, Weirdness & Mutations

You are immune to sickness and miasma.
You are immune to poison.
Your flesh is very heat resistant. (rF++)
You are vulnerable to cold. (rC-)
You float through the air rather than walking.
You learn spells naturally, not from books.
Your magical power is your life essence.
You have superior vitality. (+4 MHP)
Your muscles are strong. (Str +4, Int/Dex -1)
You sometimes lose the ability to drink potions when taking damage.
You expend health (3 HP) to strengthen your wands.


Message History

* * * LOW HITPOINT WARNING * * *
You feel yourself slow down.
The shadow imp laughs crazily.
Your ufetubus is engulfed in seething chaos.
Your ufetubus suddenly seems more agile.
Your ufetubus closely misses the chaos spawn.
Your ufetubus barely misses the chaos spawn.
Unknown command.
Unknown command.
You miss the chaos spawn.
The chaos spawn is lightly wounded.
Your ufetubus misses the chaos spawn.
Your ufetubus closely misses the chaos spawn.
Your ufetubus hits the chaos spawn but does no damage. x2
The chaos spawn misses you.
Your ufetubus barely misses the chaos spawn. x2
The chaos spawn completely misses you.
Your ufetubus hits the chaos spawn.
Your ufetubus closely misses the chaos spawn.
The chaos spawn gores you.
* * * LOW HITPOINT WARNING * * *
You feel yourself speed up.
The shadow imp grins evilly.
Unknown command.
You hit the chaos spawn but do no damage.
The chaos spawn is moderately wounded.
Your ufetubus hits the chaos spawn but does no damage. x2
The chaos spawn misses you.
Your ufetubus closely misses the chaos spawn.
Your ufetubus barely misses the chaos spawn.
Unknown command.
You slash the chaos spawn!
The chaos spawn is heavily wounded.
Your ufetubus dies!
Your ufetubus disappears in a puff of smoke!
The chaos spawn hits you but does no damage.
The chaos spawn closely misses you.
You hit the chaos spawn.
The chaos spawn is severely wounded.
The chaos spawn gores you!
You die...

##≈.#......5#.≈##
#≈≈.#.#.©.#.#.≈≈#
##≈.#....P..#.≈##
##.#.8.8.⌠5#.##
##≈.#...3555#.≈##
#≈≈.#########.≈≈#
##≈....#©..8#.≈##
##..8.#.§.©#.##
##≈....#@4.8#.≈##
#≈≈.#########.≈≈#
##≈.#.##©.$.#.≈##
##.#..##...#.##
##≈.#.4.##..#.≈##
#≈≈.#.#.§##.#.≈≈#
##≈.#.##^§#.#.≈##
##.#..##...#.##
##≈.#..3##..#.≈##


You could see a soul eater, a chaos spawn and 4 shadow imps.

Vanquished Creatures
  2 two-headed ogres
  Erica (D:9)
  Urug (D:10)
  Pikel (D:7)
  A salamander (D:9)
  Maurice (D:9)
  2 black mambas
  Maggie (D:7)
  3 komodo dragons
  A yaktaur (shapeshifter) (D:10)
  A troll (D:9)
  Grinder (D:6)
  A hornet (D:9)
  A shadow (D:7)
  7 wyverns
  Eustachio (D:6)
  A chaos spawn (Gauntlet)
  32 yaks
  A basilisk (Lair:2)
  12 water moccasins
  An acid dragon (D:9)
  2 black bears
  2 ice beasts
  5 orc warriors
  3 centaurs
  5 wolves (Lair:1)
  3 phantoms
  6 bullfrogs
  Blork the orc (D:6)
  2 kobold brigands
  A gnoll sergeant (D:9)
  4 scorpions
  7 killer bees
  A hound (D:4)
  4 orc priests
  4 sleepcaps
  3 jellies
  Ijyb (D:3)
  Natasha (D:3)
  An iguana (D:5)
  6 orc wizards
  7 gnolls
  11 adders
  4 shadow imps
  A white imp (D:7)
  3 worms
  3 dart slugs
  31 orcs
  5 bats
  8 endoplasms
  5 giant cockroaches
  10 goblins
  4 hobgoblins
  2 jackals (D:1)
  17 kobolds
  6 quokkas
  4 ball pythons
  2 frilled lizards
  6 rats
264 creatures vanquished.

Vanquished Creatures (collateral kills)
  3 yaks (Lair:1)
  A gnoll (D:6)
4 creatures vanquished.

Grand Total: 268 creatures vanquished

Notes
Turn   | Place    | Note
-------+----------+-------------------------------------------
     0 | D:1      | Xavori the Djinni Chaos Knight began the quest for the Orb.
     0 | D:1      | Reached XP level 1. HP: 20/20 MP: 0/0
    37 | D:1      | XOM: silly message
   125 | D:1      | Reached XP level 2. HP: 25/25 MP: 0/0
   228 | D:1      | XOM: noise
   242 | D:1      | XOM: confuse monster(s)
   255 | D:1      | Reached XP level 3. HP: 22/30 MP: 0/0
   255 | D:1      | Learned a level 1 spell: Magic Dart
   311 | D:1      | XOM: silly message
   737 | D:1      | XOM: silly message
   769 | D:1      | XOM: silly message
   841 | D:1      | XOM: silly message
  1322 | D:1      | XOM: cloud trail
  2166 | D:1      | XOM: noise
  2293 | D:1      | XOM: summons 1 hostile demon
  2757 | D:1      | XOM: give mutations
  2757 | D:1      | Gained mutation: Your mind is acute. (Int +4, Str/Dex -1)
                  | [Xom's mischief]
  2757 | D:1      | Gained mutation: Armour fits poorly on your strangely
                  | shaped body. [Xom's mischief]
  2757 | D:1      | Gained mutation: You sometimes lose your temper in combat.
                  | [Xom's mischief]
  3004 | D:1      | XOM: give mutations
  3004 | D:1      | Lost mutation: You sometimes lose your temper in combat.
                  | [Xom's mischief]
  3004 | D:1      | Gained mutation: You occasionally shout uncontrollably at
                  | your foes. [Xom's mischief]
  3004 | D:1      | Gained mutation: You are very vulnerable to cold. (rC--)
                  | [Xom's mischief]
  3004 | D:1      | Gained mutation: Your spells are a little easier to cast,
                  | but a little less powerful. [Xom's mischief]
  3139 | D:1      | XOM: give mutations
  3139 | D:1      | Lost mutation: You occasionally shout uncontrollably at
                  | your foes. [Xom's mischief]
  3139 | D:1      | Lost mutation: Your spells are a little easier to cast, but
                  | a little less powerful. [Xom's mischief]
  3139 | D:1      | Gained mutation: You are partially covered in iridescent
                  | scales. (AC +2) [Xom's mischief]
  3139 | D:1      | Lost mutation: You are very vulnerable to cold. (rC--)
                  | [Xom's mischief]
  4158 | D:1      | XOM: torment (16/30 hp)
  4746 | D:1      | XOM is BORED!
  4746 | D:1      | XOM: give mutations
  4746 | D:1      | Gained mutation: Your flesh is almost immune to the effects
                  | of heat. (rF+++) [Xom's mischief]
  4746 | D:1      | Gained mutation: You occasionally lose the ability to drink
                  | potions when taking damage. [Xom's mischief]
  4746 | D:1      | Lost mutation: Your mind is acute. (Int +4, Str/Dex -1)
                  | [Xom's mischief]
  4746 | D:1      | Gained mutation: You expend health (3 HP) to strengthen
                  | your wands. [Xom's mischief]
  4961 | D:1      | XOM: give mutations
  4961 | D:1      | Gained mutation: You have supernaturally acute eyesight.
                  | (SInv) [Xom's mischief]
  4961 | D:1      | Gained mutation: Potions are less effective at restoring
                  | your health. [Xom's mischief]
  4961 | D:1      | Lost mutation: Armour fits poorly on your strangely shaped
                  | body. [Xom's mischief]
  5132 | D:1      | XOM: summons 2 hostile demons
  5133 | D:1      | Noticed a rust devil
  5259 | D:2      | Identified the ring "Futiginel" {Str+4 Int-4 Dex+6 SInv}
  5415 | D:2      | Reached skill level 1 in Spellcasting
  5415 | D:2      | Reached skill level 1 in Conjurations
  5415 | D:2      | Reached skill level 1 in Hexes
  5415 | D:2      | Reached skill level 1 in Summonings
  5415 | D:2      | Reached skill level 1 in Necromancy
  5415 | D:2      | Reached skill level 1 in Translocations
  5415 | D:2      | Reached skill level 1 in Transmutations
  5415 | D:2      | Reached skill level 1 in Fire Magic
  5415 | D:2      | Reached skill level 1 in Ice Magic
  5415 | D:2      | Reached skill level 1 in Air Magic
  5415 | D:2      | Reached skill level 1 in Earth Magic
  5415 | D:2      | Reached skill level 1 in Poison Magic
  5467 | D:2      | XOM: silly message
  5490 | D:2      | Reached XP level 4. HP: 27/35 MP: 0/0
  5558 | D:2      | XOM: give mutations
  5558 | D:2      | Gained mutation: You sometimes lose the ability to drink
                  | potions when taking damage. [Xom's mischief]
  5558 | D:2      | Lost mutation: You have supernaturally acute eyesight.
                  | (SInv) [Xom's mischief]
  5927 | D:3      | Noticed Natasha
  5927 | D:3      | XOM: 3-stop teleportation journey
  5929 | D:3      | Killed Natasha
  5930 | D:3      | Reached skill level 3 in Dodging
  5930 | D:3      | Reached XP level 5. HP: 40/40 MP: 0/0
  5930 | D:3      | Learned a level 2 spell: Jinxbite
  5980 | D:3      | XOM: give mutations
  5980 | D:3      | Lost mutation: You are partially covered in iridescent
                  | scales. (AC +2) [Xom's mischief]
  5980 | D:3      | Gained mutation: You are clumsy. (Dex -2) [Xom's mischief]
  5980 | D:3      | Lost mutation: Your flesh is almost immune to the effects
                  | of heat. (rF+++) [Xom's mischief]
  6203 | D:3      | Noticed Ijyb
  6221 | D:3      | Killed Ijyb
  6318 | D:3      | XOM: chaos cloud
  6496 | D:4      | Noticed a phantom
  6512 | D:4      | Killed a phantom
  6513 | D:4      | Reached XP level 6. HP: 43/47 MP: 0/0
  6539 | D:4      | Identified the +4 scale mail of the Forest {rElec rN+
                  | Str+3}
  6832 | D:4      | XOM: silly message
  6930 | D:4      | Reached XP level 7. HP: 50/52 MP: 0/0
  6930 | D:4      | Learned a level 2 spell: Momentum Strike
  7128 | D:5      | Entered Level 5 of the Dungeon
  7135 | D:5      | XOM: stat loss: -1 Str (17/18)
  7316 | D:5      | Reached skill level 4 in Dodging
  7330 | D:5      | XOM: give mutations
  7330 | D:5      | Gained mutation: Your muscles are strong. (Str +4, Int/Dex
                  | -1) [Xom's mischief]
  7330 | D:5      | Gained mutation: You are dopey. (Int -2) [Xom's mischief]
  7331 | D:5      | XOM: blink monster(s)
  7717 | D:5      | XOM: stat loss: -1 Int (6/7)
  7975 | D:5      | Reached XP level 8. HP: 56/58 MP: 0/0
  7986 | D:5      | XOM: chaos cloud
  8209 | D:6      | Noticed Grinder
  8260 | D:5      | Reached skill level 1 in Shields
  8301 | D:6      | Killed Grinder
  8314 | D:6      | XOM: confusion
  8318 | D:6      | XOM: summons friendly iron imp
  8333 | D:5      | Reached skill level 5 in Fighting
  8468 | D:5      | XOM: swap monsters
  8472 | D:5      | Reached skill level 5 in Dodging
  8566 | D:6      | Found Ruruynomn's Antique Armour Boutique.
  8597 | D:6      | Found a staircase to the Ecumenical Temple.
  8655 | D:6      | XOM: give mutation
  8655 | D:6      | Lost mutation: You are clumsy. (Dex -2) [Xom's mischief]
  8761 | D:6      | XOM: summons 1 hostile demon
  8782 | D:6      | Reached XP level 9. HP: 53/65 MP: 0/0
  8782 | D:6      | Learned a level 4 spell: Leda's Liquefaction
  8795 | D:6      | Noticed Blork the orc
  8802 | D:6      | Killed Blork the orc
  9023 | D:6      | XOM: give mutations
  9023 | D:6      | Gained mutation: You are partially covered in iridescent
                  | scales. (AC +2) [Xom's mischief]
  9023 | D:6      | Lost mutation: You are partially covered in iridescent
                  | scales. (AC +2) [Xom's mischief]
  9023 | D:6      | Lost mutation: You are dopey. (Int -2) [Xom's mischief]
  9023 | D:6      | Lost mutation: Potions are less effective at restoring your
                  | health. [Xom's mischief]
  9069 | D:6      | Reached skill level 5 in Long Blades
  9116 | D:6      | Noticed Eustachio
  9122 | D:6      | XOM: swap monsters
  9127 | D:6      | Killed Eustachio
  9372 | D:6      | Found an iron altar of Okawaru.
  9554 | D:7      | XOM: silly message
  9566 | D:7      | XOM: summons friendly shadow imp
  9698 | D:7      | Found a stormy altar of Qazlal.
  9704 | D:7      | Noticed Pikel
  9706 | D:7      | XOM: potion effect (experience)
  9706 | D:7      | Reached skill level 7 in Dodging
  9706 | D:7      | Reached skill level 5 in Shields
  9706 | D:7      | Reached XP level 10. HP: 75/75 MP: 0/0
  9712 | D:7      | XOM: divination: detect creatures
  9716 | D:7      | Killed Pikel
  9775 | D:7      | XOM: potion effect (might)
  9798 | D:7      | Found a hide-covered altar of Uskayaw.
  9921 | D:7      | Noticed Maggie
  9932 | D:7      | Killed Maggie
  9933 | D:7      | Reached XP level 11. HP: 73/79 MP: 0/0
  9933 | D:7      | Learned a level 4 spell: Summon Ice Beast
 10075 | D:7      | XOM: divination: magic mapping
 10092 | D:7      | Found a basalt altar of Yredelemnul.
 10172 | D:8      | XOM: silly message
 10181 | D:8      | XOM: summons friendly ufetubus
 10261 | D:8      | XOM: silly message
 10307 | D:8      | XOM: cloud trail
 11171 | D:9      | XOM: divination: magic mapping
 11181 | D:9      | XOM: swap monsters
 11335 | D:9      | Noticed Maurice
 11344 | D:9      | Killed Maurice
 11432 | D:9      | Noticed a two-headed ogre
 11433 | D:9      | XOM: enchant monster (good)
 11442 | D:9      | XOM: cleaving
 11453 | D:9      | Killed a two-headed ogre
 11454 | D:9      | Reached skill level 8 in Dodging
 11467 | D:9      | XOM: chaos upgrade
 11616 | D:9      | Noticed Erica
 11624 | D:9      | Killed Erica
 11835 | D:10     | Entered Level 10 of the Dungeon
 11881 | D:10     | XOM: scenery: 2 doors close
 11906 | D:10     | Found a staircase to the Lair.
 11945 | D:10     | XOM: destruction
 11946 | D:10     | XOM: summons 1 hostile shadow creature
 12004 | D:9      | XOM: summons 6 hostile demons
 12009 | D:10     | XOM: polymorph yak -> shapeshifter
 12063 | D:10     | Reached XP level 12. HP: 82/86 MP: 0/0
 12208 | D:10     | Found a blossoming altar of Fedhas.
 12365 | D:10     | XOM: cloud trail
 12389 | D:10     | Noticed Urug
 12393 | D:10     | XOM: polymorph yak -> salamander
 12400 | D:9      | XOM: divination: magic mapping
 12534 | D:10     | HP: 2/86 [Urug/+5 great sword (10)]
 12537 | D:10     | XOM: 2-stop teleportation journey
 12627 | D:10     | Found a staircase to the Orcish Mines.
 12653 | D:10     | Noticed a two-headed ogre
 12656 | D:10     | Killed a two-headed ogre
 13038 | D:10     | Killed Urug
 13105 | D:10     | XOM: stat loss: -1 Str (21/22)
 13116 | D:13     | Identified the "Zamakusi"
 13116 | Lair:1   | Entered Level 1 of the Lair of Beasts
 13229 | Lair:1   | Reached skill level 5 in Evocations
 13242 | Lair:1   | XOM: blink monster(s)
 13299 | Lair:1   | XOM: 4-stop teleportation journey
 13371 | Lair:1   | XOM: noise
 13491 | Lair:1   | XOM: noise
 13502 | Lair:1   | XOM: noise
 13504 | Lair:1   | Reached skill level 9 in Dodging
 13838 | Lair:2   | XOM: confusion (+ monsters)
 13857 | Lair:2   | Reached XP level 13. HP: 58/93 MP: 0/0
 13857 | Lair:2   | Learned a level 5 spell: Agony
 14113 | Lair:2   | Found a gate leading to a gauntlet.
 14120 | Lair:2   | XOM: god gift: scroll of blinking
 14121 | Gauntlet | Entered a Gauntlet
 14121 | Gauntlet | Found a transporter.
 14133 | Gauntlet | Found a transporter.
 14136 | Gauntlet | Found a transporter.
 14137 | Gauntlet | Found a transporter.
 14145 | Gauntlet | Found a transporter.
 14148 | Gauntlet | Found a transporter.
 14149 | Gauntlet | Found a transporter.
 14161 | Gauntlet | Found a transporter.
 14162 | Gauntlet | Found a transporter.
 14162 | Gauntlet | Found a transporter.
 14168 | Gauntlet | Noticed a catoblepas
 14170 | Gauntlet | Found a transporter.
 14173 | Gauntlet | Found a transporter.
 14174 | Gauntlet | Found a transporter.
 14196 | Gauntlet | Found a transporter.
 14414 | Gauntlet | XOM: summons friendly ufetubus
 14422 | Gauntlet | HP: 3/93 [chaos spawn (6)]
 14425 | Gauntlet | Slain by a chaos spawn

Illustrated notes

Levels and vault maps discovered:
D:1:      psy_arrival_heroes, layout_basic
D:2:      layout_loops_ring
D:3:      layout_basic, grunt_ministairs_10, uniq_natasha, uniq_ijyb
D:4:      layout_gridville, kennysheep_nondescript, st_stairs_5,
          mrwooster_statue_mirror
D:5:      layout_basic, chequers_serial_rivers_small_3
D:6:      minmay_razor_zed, layout_rooms, lemuel_tele_altar,
          minmay_temple_entry_nine_rooms, serial_shops,
          nicolae_shop_rolling_square, uniq_blork_the_orc, uniq_eustachio,
          uniq_grinder
D:7:      layout_cave_pools, mainiacjoe_overflow_alcove_1,
          kennysheep_little_box, mainiacjoe_overflow_concentric_impassable,
          uniq_pikel, uniq_maggie
D:8:      layout_loops_ring
D:9:      layout_roguey, kennysheep_small_square, uniq_maurice, uniq_erica
D:10:     layout_grid_maze, nicolae_overflow_two_pavilions,
          minmay_lair_entry_grove, orc_0_dummy, uniq_urug
Lair:1:   layout_gridlike, grunt_megastairs_2
Lair:2:   layout_chaotic_city, mainiacjoe_swamp_entry_angry_trees,
          gauntlet_entry_generic, st_stairs_11, serial_bayou_shore_b,
          grunt_megastairs_5
Gauntlet: gammafunk_gauntlet_77_escape_option
          [minmay_gauntlet_arena_77_two_lines, minmay_gauntlet_arena_77_museum,
          minmay_gauntlet_arena_77_hold_the_fort,
          minmay_gauntlet_arena_77_checkered,
          minmay_gauntlet_arena_77_radiant_squares, gauntlet_exit_hidden_loot]

Skill      XL: |  1  2  3  4  5  6  7  8  9 10 11 12 |
---------------+-------------------------------------+-----
Long Blades    | 3 4 6 7 |  7.9
Spellcasting   | 1 2 3 6 7 8 |  8.1
Conjurations   | 1 2 3 6 7 8 |  8.1
Hexes          | 1 2 3 6 7 8 |  8.1
Summonings     | 1 2 3 6 7 8 |  8.1
Necromancy     | 1 2 3 6 7 8 |  8.1
Translocations | 1 2 3 6 7 8 |  8.1
Transmutations | 1 2 3 6 7 8 |  8.1
Fire Magic     | 1 2 3 6 7 8 |  8.1
Ice Magic      | 1 2 3 6 7 8 |  8.1
Air Magic      | 1 2 3 6 7 8 |  8.1
Earth Magic    | 1 2 3 6 7 8 |  8.1
Poison Magic   | 1 2 3 6 7 8 |  8.1
Armour         | 2 3 4 6 7 8 |  8.1
Dodging        | 3 4 5 7 8 9 |  9.1
Fighting       | 4 5 7 8 |  8.7
Shields        | 2 5 6 7 |  7.0
Evocations     | 3 4 5 |  5.7

Action                     |  1- 3 |  4- 6 |  7- 9 | 10-12 | 13-15 || total
---------------------------+-------+-------+-------+-------+-------++-------
  Melee: Falchion          |    87 |   139 |   197 |    82 |       ||   505
         Unarmed           |       |       |     1 |       |       ||     1
         Scimitar          |       |       |       |   291 |    36 ||   327
   Cast: Jinxbite          |       |       |     1 |       |       ||     1
         Summon Ice Beast  |       |       |       |     4 |       ||     4
  Evoke: Wand              |       |       |       |    12 |       ||    12
    Use: Scroll            |       |     3 |     3 |     8 |       ||    14
         Potion            |       |       |       |     1 |     1 ||     2
   Stab: Sleeping          |     1 |     2 |       |       |       ||     3
         Petrifying        |       |     1 |       |     3 |       ||     4
         Paralysed         |       |     1 |       |     1 |       ||     2
         Confused          |       |       |     4 |     2 |       ||     6
         Distracted        |       |       |     1 |     1 |       ||     2
         Petrified         |       |       |       |     6 |       ||     6
 Armour: Leather armour    |    63 |    52 |       |       |       ||   115
         Scale mail        |       |    23 |   174 |   310 |    27 ||   534
  Dodge: Dodged            |    57 |    85 |   159 |   382 |    44 ||   727
  Block: Buckler           |       |       |    59 |   152 |    16 ||   227

Table legend: (Time is in decaauts)
 A = Elapsed time spent in this place.
 B = Non-inter-level travel time spent in this place.
 C = Inter-level travel time spent in this place.
 D = Time resting spent in this place.
 E = Time spent auto-exploring this place.
 F = Levels seen in this place.
 G = Mean time per level.
                   A        B        C        D        E       F      G
               +--------+--------+--------+--------+--------+-----+--------+
         Total |  14688 |  14187 |    501 |   5239 |   6568 |  13 | 1129.8 |
       Dungeon |  13304 |  12831 |    473 |   5221 |   5887 |  10 | 1330.4 |
          Lair |   1071 |   1044 |     27 |     18 |    546 |   2 |  535.5 |
      Gauntlet |    313 |    313 |      0 |      0 |    135 |   1 |  313.0 |
               +--------+--------+--------+--------+--------+-----+--------+

Top non-repeatable levels by time:
     D:1: 4938 daAuts
    D:10: 1234 daAuts
     D:5: 1226 daAuts
     D:6: 1141 daAuts
     D:8: 901 daAuts
     D:2: 896 daAuts
     D:9: 875 daAuts
  Lair:1: 765 daAuts
     D:4: 721 daAuts
     D:7: 703 daAuts
     D:3: 666 daAuts
Gauntlet: 313 daAuts
  Lair:2: 305 daAuts
